 Dungeon Crawl Stone Soup version 0.24-a0-630-g0d56a851f4 (webtiles) character file.

Game seed: 18074155310495465294, levelgen mode: deterministic

108 Engwar the Ruffian (level 4, -1/40 HPs)
             Began as a Troll Artificer on Sept 19, 2019.
             Slain by an iguana (9 damage)
             ... on level 4 of the Dungeon.
             The game lasted 00:06:44 (2027 turns).

Engwar the Ruffian (Troll Artificer)                Turns: 2027, Time: 00:06:45

Health: -1/40      AC:  9    Str: 20    XL:     4   Next: 58%
Magic:  4/4        EV: 10    Int:  7    God:
Gold:   102        SH:  0    Dex: 11    Spells: 3/3 levels left

rFire    + . .     SeeInvis .     - Unarmed
rCold    . . .     Gourm    +   (no shield)
rNeg     . . .     Faith    .   y - +2 robe {MR+}
rPois    .         Spirit   .   (helmet restricted)
rElec    .         Reflect  .   x - +0 cloak
rCorr    .         Harm     .   (gloves unavailable)
MR       +....                  (boots unavailable)
Stlth    ++........             (no amulet)
HPRegen  0.53/turn              j - ring of stealth
MPRegen  0.09/turn              w - ring of protection from fire

@: no status effects
A: large, unfitting armour, claws 3, fast metabolism 3, gourmand, regeneration
1, shaggy fur 1, tough skin 3
a: no special abilities


You were on level 4 of the Dungeon.
You were completely stuffed.

You visited 1 branch of the dungeon, and saw 4 of its levels.

You collected 102 gold pieces.

Inventory:

Missiles
 q - 5 javelins (quivered)
Armour
 x - a +0 cloak (worn)
 y - a +2 robe of magic resistance (worn)
Jewellery
 b - an uncursed ring of see invisible
 j - a ring of stealth (left claw)
 w - a ring of protection from fire (right claw)
Wands
 c - a wand of flame (15)
 d - a wand of enslavement (15)
 e - a wand of random effects (15)
Scrolls
 k - a scroll of identify {unknown}
 m - 2 scrolls of magic mapping {unknown}
 o - 2 scrolls of blinking {unknown}
 p - a scroll of teleportation {unknown}
 s - a scroll of fog {unknown}
 t - a scroll of remove curse {unknown}
Potions
 a - a potion of heal wounds {unknown}
 g - a potion of lignification {unknown}
 h - a potion of berserk rage {unknown}
 i - 2 potions of might {unknown}
 l - 4 potions of magic {unknown}
 n - a potion of curing {unknown}
 r - a potion of resistance {unknown}
 v - 2 potions of invisibility {unknown}
 z - a potion of brilliance {unknown}
Comestibles
 f - 12 rations


   Skills:
 - Level 0.7 Fighting
   Level 0.7 Short Blades
 - Level 1.5 Dodging
 - Level 0.3 Stealth
 + Level 4.3 Unarmed Combat
 - Level 2.1 Evocations


You had 3 spell levels left.
You didn't know any spells.
Your spell library was empty.

Dungeon Overview and Level Annotations

Branches:
Dungeon (4/15)
 Temple: D:4-7

Altars:


Innate Abilities, Weirdness & Mutations

You are too large for most types of armour.
You have claws for hands.
Your metabolism is lightning-fast.
You like to eat raw meat.
Your natural rate of healing is unusually fast.
You are covered in fur. (AC +1)
You have extremely tough skin. (AC +3)


Message History

You barely miss the iguana. The iguana bites you!
The adder skeleton barely misses you.
You are too injured to fight recklessly!
You are too injured to fight recklessly!
You are too injured to fight recklessly!
You are too injured to fight recklessly!
You are too injured to fight recklessly!
You are too injured to fight recklessly!
You scratch the iguana but do no damage.
The iguana bites you!
* * * LOW HITPOINT WARNING * * *
The adder skeleton bites you but does no damage.
You scratch the iguana.
The iguana is moderately wounded.
The iguana closely misses you.
The adder skeleton bites you but does no damage.
You scratch the iguana.
The iguana is heavily wounded.
The iguana bites you!
You die...

##########
#....?...#
#.......(#
##.>......#
###...†Z....#
#......@l...#
..##........#
##########


You could see an iguana and an adder skeleton.

Vanquished Creatures
  3 gnolls (D:3)
  2 adders
  An ooze (D:3)
  2 worms
  A dart slug (D:3)
  2 leopard geckos
  5 orcs
  4 bats
  2 giant cockroaches
  5 goblins
  3 hobgoblins (D:1)
  2 jackals (D:2)
  6 kobolds
  A ball python (D:2)
  A frilled lizard (D:3)
  5 rats
45 creatures vanquished.

Notes
Turn   | Place    | Note
-------+----------+-------------------------------------------
     0 | D:1      | Engwar the Troll Artificer began the quest for the Orb.
     0 | D:1      | Reached XP level 1. HP: 18/18 MP: 1/1
    60 | D:1      | Reached skill level 1 in Unarmed Combat
   156 | D:1      | Reached XP level 2. HP: 26/26 MP: 2/2
   319 | D:1      | Reached skill level 2 in Unarmed Combat
  1073 | D:2      | Reached XP level 3. HP: 29/32 MP: 3/3
  1168 | D:2      | Reached skill level 3 in Unarmed Combat
  1629 | D:3      | Reached XP level 4. HP: 36/40 MP: 4/4
  1652 | D:3      | Reached skill level 4 in Unarmed Combat
  2027 | D:4      | Slain by an iguana

Levels and vault maps discovered:
D:1:      lemuel_arrival_lava_pool, layout_basic
D:2:      layout_basic, first_ration
D:3:      layout_loops_ring, minmay_stone_trees_small
D:4:      layout_rooms, kennysheep_mini, serial_shops, shop, shop,
          lightli_minifort

Skill      XL: |  1  2  3  4 |
---------------+-------------+-----
Unarmed Combat | 1 2 3 4 |  4.3
Fighting       | |  0.7
Short Blades   | |  0.7
Dodging        | |  1.5
Stealth        | |  0.3
Evocations     | |  2.1

Action                   |  1- 3 |  4- 6 || total
-------------------------+-------+-------++-------
Melee: Unarmed           |   129 |    37 ||   166
 Stab: Sleeping          |     1 |     1 ||     2
  Eat: Chunk             |    20 |     4 ||    24
Armor: Robe              |    43 |    19 ||    62
Dodge: Dodged            |    76 |    22 ||    98

Table legend:
 A = Non-vault XP
 B = Vault XP
 C = Vault XP percentage of total XP
 D = Non-vault monster count
 E = Vault monster count
 F = Vault count percentage of total count
                 A         B        C        D         E       F
            +---------+---------+-------+---------+---------+-------
      Total |     155 |       0 |   0.0 |      45 |       0 |   0.0
            +---------+---------+-------+---------+---------+-------
        D:1 |      23 |       0 |   0.0 |      13 |       0 |   0.0
        D:2 |      36 |       0 |   0.0 |      12 |       0 |   0.0
        D:3 |      93 |       0 |   0.0 |      19 |       0 |   0.0
        D:4 |       3 |       0 |   0.0 |       1 |       0 |   0.0
            +---------+---------+-------+---------+---------+-------
